 Dungeon Crawl Stone Soup version 0.17-a0-2171-ga91b4ec (webtiles) character file.

5686 M4edhros the Covert (level 10, -1/58 HPs)
             Began as an Octopode Artificer on Oct 25, 2015.
             Was an Initiate of Gozag.
             Slain by a warg (18 damage)
             ... on level 7 of the Dungeon.
             The game lasted 00:20:37 (8957 turns).

M4edhros the Covert (Octopode Artificer)            Turns: 8957, Time: 00:20:37

Health: -1/58      AC:  1    Str: 10    XL:     10   Next: 75%
Magic:  16/16      EV: 16    Int: 16    God:    Gozag
Gold:   1103       SH:  0    Dex: 19    Spells: 0 memorised, 9 levels left

rFire  . . .     SeeInvis .     s - +2 dagger (elec)
rCold  . . .     Clarity  .     (no shield)
rNeg   + . .     SustAt   .     (helmet restricted)
rPois  .         Gourm    .     (no amulet)
rElec  .         Spirit   .     f - ring of positive energy
rCorr  .         Warding  .     l - +6 ring of dexterity
rMut   .         Rnd*Tele +     (no ring)
MR     .....                    (no ring)
Stlth  +++++++...               (no ring)
                                (no ring)
                                (no ring)
                                (no ring)

@: not resistant to hostile enchantments, extremely stealthy
A: almost no armour, amphibious, 8 rings, constrict 8, camouflage 1, clumsy 1,
teleportitis 1, gelatinous body 1
a: Potion Petition, Call Merchant, Bribe Branch, Renounce Religion


You were on level 7 of the Dungeon.
You worshipped Gozag.
Gozag was noncommittal.
You were very hungry.

You visited 2 branches of the dungeon, and saw 8 of its levels.

You collected 1417 gold pieces.
You spent 208 gold pieces at shops.
You paid 106 gold pieces to Gozag.

Inventory:

Hand Weapons
 a - a +0 short sword
 p - a +3 quarterstaff of chaos
 q - a +0 hunting sling
 s - a +2 dagger of electrocution (weapon)
 v - a +0 dagger of chaos
 z - the +7 spear of Cheibriados's Esteem {venom, rPois rC+++ Int-5 Stlth-}
   (You bought it in a shop on level 5 of the Dungeon)

   It poisons the flesh of those it strikes.
   It affects your intelligence (-5).
   It renders you almost immune to cold.
   It protects you from poison.
   It makes you less stealthy.
Jewellery
 f - a ring of positive energy (left tentacle)
 l - a +6 ring of dexterity (right tentacle)
 x - an uncursed amulet of resist mutation
Wands
 b - a wand of flame (0)
 c - a wand of enslavement (10)
 d - a wand of random effects (0)
 g - a wand of confusion (23)
 o - a wand of slowing (14)
 w - a wand of disintegration (7)
 y - a wand of flame (13)
Scrolls
 i - a scroll of amnesia
 j - a scroll of immolation
 k - 2 scrolls of teleportation
 t - 3 scrolls of identify
 u - a scroll of blinking
Potions
 h - a potion of invisibility {unknown}
 n - 2 potions of heal wounds
 r - a potion of brilliance {unknown}
Books
 D - an Akashic Record

   Spells                             Type                      Level
   a - Dispersal                      Translocation                6
   b - Malign Gateway                 Summoning/Translocation      7
   c - Disjunction                    Translocation                8
   d - Controlled Blink               Translocation                8
Comestibles
 e - 5 bread rations
 m - a beef jerky


   Skills:
 - Level 1.0 Fighting
 - Level 5.3 Short Blades
 * Level 6.3(6.4) Polearms
 - Level 1.2(4.1) Staves
 + Level 5.9 Dodging
 * Level 13.2 Stealth
 + Level 8.6 Evocations


You had 9 spell levels left.
You didn't know any spells.

Dungeon Overview and Level Annotations

Branches:
Dungeon (7/15)             Temple (1/1) D:6

Altars:
Ashenzari
Cheibriados
Dithmenos
Elyvilon
Fedhas
Gozag
Kikubaaqudgha
Makhleb
Nemelex Xobeh
Qazlal
Ru
Sif Muna
Trog
Xom
Yredelemnul
The Shining One

Shops:
D:5 (


Innate Abilities, Weirdness & Mutations

You cannot wear most types of armour.
You are amphibious.
You can wear up to eight rings at the same time.
You can use your tentacles to constrict eight enemies at once.
Your skin changes colour to match your surroundings (Stealth).
Your rubbery body absorbs attacks (AC +1).
You are clumsy. (Dex -2)
You are occasionally teleported to nearby monsters.


Message History

You are too injured to fight recklessly!
You are too injured to fight recklessly!
You completely miss the warg.
The warg is almost dead.
The warg is no longer distracted by gold.
The warg closely misses you.
You hit the warg but do no damage.
The warg is severely wounded.
The warg misses you.
You barely miss the warg.
The warg is severely wounded.
The orc warrior is no longer distracted by gold.
The warg completely misses you.
Evoke which item? (* to show all) (? for menu, Esc to quit)
Zapping:
c - a wand of enslavement (11)
Press: ? - help, Shift-Dir - straight line, f - warg
Aim: a warg (severely wounded, chance to defeat MR: 47%)
The orc warrior is charmed.
This wand has 10 charges left.
The warg bites you!!
You die...
Your body crumbles into a pile of gold.

#.## #####..#####
o.........h.h
≈≈≈≈....≈≈≈≈≈
≈≈≈≈....≈≈≈≈≈
≈≈≈≈....≈≈≈≈≈
.............
####''''#############
...#....#...hho$@...#+#
##.#....###.##.#h))...#
..)#....#!. .#.#....###
####....#########''##)#
...#....#....)........#
...'....'..8#).......[#
...'....'..8#..##''##(#
...#8..8#......#....###
################..)...#


You could see 3 wargs and a friendly orc warrior.

Vanquished Creatures
  The ghost of mrath the Poker, a novice MfIE of Okawaru (D:6)
  Prince Ribbit (D:6)
  Sigmund (D:4)
  A hippogriff (D:6)
  Menkaure (D:6)
  3 wargs (D:7)
  Duvessa (D:4)
  A water moccasin (D:7)
  6 orc warriors
  4 ogres
  2 sky beasts (D:5)
  A black bear (D:7)
  2 centaurs
  A phantom (D:6)
  3 giant frogs
  3 orc priests
  A big kobold (D:7)
  2 scorpions
  9 wights
  Dowan (D:4)
  9 crimson imps
  5 hounds
  An iguana (D:4)
  Crazy Yiuf (D:2)
  A giant frog skeleton (D:7)
  Ijyb (D:2)
  2 gnoll shamans
  5 orc wizards
  10 worker ants
  A hound zombie (D:7)
  10 gnolls
  7 adders
  2 shadow imps
  An adder zombie (D:6)
  An adder skeleton (D:6)
  3 worms
  6 giant geckos
  34 orcs
  3 giant cockroaches
  9 hobgoblins
  3 quokkas
  2 ball pythons
  5 bats
  A giant gecko zombie (D:6)
  3 giant newts
  6 goblins
  16 kobolds
  A quokka skeleton (D:5)
  7 rats
201 creatures vanquished.

Vanquished Creatures (collateral kills)
  An orc sorcerer (D:7)
  2 orc warriors (D:7)
  A scorpion (D:6)
  A jelly (D:6)
  An ooze (D:4)
  3 orcs
9 creatures vanquished.

Vanquished Creatures (others)
  A giant frog (D:6)
  A giant gecko skeleton (D:5)
  A plant (D:7)
3 creatures vanquished.

Grand Total: 213 creatures vanquished

Notes
Turn   | Place    | Note
--------------------------------------------------------------
     0 | D:1      | M4edhros the Octopode Artificer began the quest for the Orb.
     0 | D:1      | Reached XP level 1. HP: 13/13 MP: 3/3
   765 | D:1      | Reached XP level 2. HP: 18/18 MP: 4/4
  1122 | D:2      | Noticed Crazy Yiuf
  1127 | D:2      | Killed Crazy Yiuf
  1127 | D:2      | Reached skill level 4 in Evocations
  1127 | D:2      | Reached XP level 3. HP: 23/23 MP: 4/6
  1202 | D:2      | Noticed Ijyb
  1215 | D:2      | Killed Ijyb
  1215 | D:2      | Reached skill level 1 in Staves
  1215 | D:2      | Reached XP level 4. HP: 8/28 MP: 7/7
  1657 | D:4      | Found a shimmering altar of Xom.
  1661 | D:4      | Reached XP level 5. HP: 33/33 MP: 8/8
  1663 | D:4      | Became a worshipper of Xom of Chaos
  1683 | D:4      | Noticed an ogre
  1691 | D:4      | Killed an ogre
  1691 | D:4      | Reached skill level 5 in Stealth
  1691 | D:4      | Reached skill level 5 in Evocations
  1691 | D:4      | Reached XP level 6. HP: 5/38 MP: 9/9
  1733 | D:4      | Reached skill level 6 in Stealth
  2015 | D:4      | XOM: divination: magic mapping
  2147 | D:4      | XOM: silly message
  2150 | D:4      | Noticed an ogre
  2222 | D:5      | Entered Level 5 of the Dungeon
  2297 | D:5      | Reached XP level 7. HP: 31/43 MP: 11/11
  2300 | D:5      | Reached skill level 7 in Stealth
  2428 | D:5      | Found Qaofit Muisk's Antique Weapon Shoppe.
  2481 | D:5      | XOM: mild Pois miscast
  2507 | D:5      | XOM: divination: magic mapping
  2529 | D:5      | Reached skill level 8 in Stealth
  2608 | D:5      | Found a bloodstained altar of Trog.
  2664 | D:5      | Found a shattered altar of Ashenzari.
  2722 | D:5      | Found a stormy altar of Qazlal.
  2767 | D:5      | XOM: vitrification
  2871 | D:6      | Reached XP level 8. HP: 23/48 MP: 12/12
  2929 | D:6      | Noticed mrath's ghost (novice MfIE)
  3077 | D:6      | Found a staircase to the Ecumenical Temple.
  3088 | Temple   | Entered the Ecumenical Temple
  3102 | Temple   | XOM: vitrification
  3180 | Temple   | Fell from the grace of Xom
  3180 | Temple   | Became a worshipper of Gozag Ym Sagoz the Greedy
  3561 | D:3      | Noticed a giant frog
  3574 | D:3      | Killed a giant frog
  3574 | D:3      | Reached skill level 9 in Stealth
  3592 | D:3      | XOM: medium Trmt miscast
  3987 | D:3      | XOM: torment (28/48 hp)
  4731 | D:4      | Noticed Sigmund
  4738 | D:4      | Killed Sigmund
  4841 | D:4      | Noticed Dowan
  4846 | D:4      | Noticed Duvessa
  4847 | D:4      | Killed Dowan
  4847 | D:4      | Reached skill level 10 in Stealth
  4940 | D:4      | Killed Duvessa
  5103 | D:4      | Killed an ogre
  5153 | D:4      | XOM: mild Erth miscast
  5312 | D:5      | Bought a twisted spear for 208 gold pieces
  5312 | D:5      | Identified the +7 spear of Cheibriados's Esteem {venom, rPois rC+++ Int-5 Stlth-} (You bought it in a shop on level 5 of the Dungeon)
  5378 | D:5      | Reached XP level 9. HP: 53/53 MP: 14/14
  5392 | D:5      | Reached skill level 1 in Polearms
  5486 | D:6      | Noticed Menkaure
  5527 | D:6      | XOM: torment (28/53 hp)
  5678 | D:6      | Killed Menkaure
  5678 | D:6      | Reached skill level 5 in Short Blades
  5932 | D:6      | Noticed Prince Ribbit
  5948 | D:6      | Killed Prince Ribbit
  6018 | D:6      | XOM: mild Ice miscast
  6591 | D:5      | Reached skill level 11 in Stealth
  6748 | D:6      | XOM: stat loss: -3 Dex (18/21)
  7253 | D:6      | XOM: summons 5 hostile shadow creatures
  7304 | D:6      | XOM: give mutations
  7304 | D:6      | Gained mutation: You are clumsy. (Dex -2) [Xom's mischief]
  7304 | D:6      | Gained mutation: You are occasionally teleported to nearby monsters. [Xom's mischief]
  7725 | D:6      | Killed mrath's ghost
  7898 | D:6      | Reached skill level 12 in Stealth
  7911 | D:6      | Reached XP level 10. HP: 40/58 MP: 15/15
  7993 | D:6      | Reached skill level 5 in Dodging
  8142 | D:7      | Reached skill level 5 in Polearms
  8151 | D:7      | XOM: draining
  8744 | D:7      | Noticed an orc sorcerer
  8767 | D:7      | Killed an orc sorcerer
  8777 | D:7      | Reached skill level 13 in Stealth
  8957 | D:7      | Slain by a warg

Vault maps used:
D:1:      nagdon_arrival_double_spiral
D:2:      kennysheep_generic_room_3, uniq_iyjb, uniq_crazy_yiuf_cottage
D:4:      led_xom_imps, uniq_duvessa, uniq_sigmund
D:5:      kennysheep_mini, nicolae_qazlal_eye_of_the_storm, lemuel_round_altar,
          serial_shops, nicolae_shop_crystal, first_bread
D:6:      kennysheep_six_static_rooms, minmay_temple_entry_purple_smoke,
          minmay_statues_item, hex_medium, uniq_prince_ribbit1, uniq_menkaure
D:7:      lemuel_castle_with_subvaults
Temple:   zaba_magenta_temple_12

Action                   |  1- 3 |  4- 6 |  7- 9 | 10-12 || total
-------------------------+-------+-------+-------+-------++-------
Melee: Short sword       |    37 |       |       |       ||    37
       Quarterstaff      |     8 |       |       |       ||     8
       Dagger            |       |    40 |   224 |   173 ||   437
       Spear             |       |       |    43 |       ||    43
Evoke: Wand              |     2 |    12 |    31 |     7 ||    52
  Use: Scroll            |       |       |     9 |     3 ||    12
       Potion            |       |       |       |     4 ||     4
 Stab: Sleeping          |     1 |     7 |    25 |    16 ||    49
       Petrified         |     1 |       |       |       ||     1
       Distracted        |       |     1 |     4 |       ||     5
       Paralysed         |       |       |     1 |       ||     1
       Confused          |       |       |     5 |       ||     5
  Eat: Chunk             |       |     4 |     1 |       ||     5
       Meat ration       |       |       |     2 |       ||     2
       Beef jerky        |       |       |     2 |       ||     2
       Pizza             |       |       |     1 |       ||     1
       Bread ration      |       |       |     1 |       ||     1
